 Dungeon Crawl Stone Soup version 0.14-a0-2001-g390038d (webtiles) character file.

489 Mitsuki the Covert (level 6, -1/30 HPs)
             Began as a Spriggan Assassin on Jan 18, 2014.
             Slain by Mitsuki's ghost (5 damage)
             ... on Level 4 of the Dungeon.
             The game lasted 00:15:53 (3520 turns).

Mitsuki the Covert (Spriggan Assassin)              Turns: 3520, Time: 00:15:53

HP  -1/30        AC  3     Str  5 (8)  XL: 6   Next: 45%
MP  12/12        EV 22     Int 13      God:
Gold 111         SH  0     Dex 23      Spells:  0 memorised,  5 levels left

rFire  . . .     SeeInvis +     a - +2 dagger
rCold  . . .     Clarity  .     c - +0 robe (curse)
rNeg   . . .     Conserve .     (shield restricted)
rPois  .         rCorr    .     (helmet restricted)
rElec  .         rRot     .     d - +0 cloak
SustAb . .       Spirit   .     (gloves unavailable)
rMut   .         Warding  .     (boots unavailable)
Saprov . . .     Stasis   .     (no amulet)
MR     +....                    (no ring)
                                (no ring)

@: agile, very quick, somewhat resistant to hostile enchantments, extremely
stealthy
A: unfitting armour, see invisible, herbivore 3, speed 3, slow metabolism 2
a: no special abilities


You were on level 4 of the Dungeon.
You were not hungry.

You visited 1 branch of the dungeon, and saw 4 of its levels.
You also visited: Sewer.

You collected 111 gold pieces.

Inventory:

Hand weapons
 a - a +2,+2 dagger (weapon)
 b - a +0 blowgun
Missiles
 f - a curare-tipped needle
Armour
 c - a cursed +0 robe (worn)
 d - a +0 cloak (worn)
Comestibles
 m - 2 bread rations
Scrolls
 h - 2 scrolls of remove curse {unknown}
 i - a scroll of fog
 j - a scroll of curse jewellery {unknown}
Jewellery
 q - an uncursed amulet of resist mutation {unknown}
Potions
 g - a potion of porridge
 k - a potion of agility
 l - 3 potions of heal wounds
 o - a potion of restore abilities
 p - 2 potions of flight


   Skills:
 - Level 1.5 Fighting
 + Level 2.5 Short Blades
 + Level 5.6 Throwing
 - Level 1.5 Dodging
 + Level 9.1 Stealth


You had 5 spell levels left.
You didn't know any spells.

Dungeon Overview and Level Annotations

Branches:
Dungeon (4/16)
 Temple: D:4-7

Altars:

Annotations:
D:4 Blork the orc; Dowan; Mitsuki's ghost, average SpAs


Innate Abilities, Weirdness & Mutations

You are tiny and cannot use many weapons and most armour.
You have supernaturally acute eyesight.
You are a herbivore.
You cover ground extremely quickly.
You need consume almost no food.


Message History

Dowan blinks!
Mitsuki's ghost completely misses you.
You hit Mitsuki's ghost but do no damage.
Mitsuki's ghost is lightly damaged.
Mitsuki's ghost barely misses you.
You hit Mitsuki's ghost but do no damage.
Mitsuki's ghost is lightly damaged.
Mitsuki's ghost hits you. Dowan gestures at you while chanting.
The shard of ice misses you.
You closely miss Mitsuki's ghost.
Mitsuki's ghost is lightly damaged.
Mitsuki's ghost hits you. Dowan gestures at you while chanting.
The stone arrow hits you!
* * * LOW HITPOINT WARNING * * *
Mitsuki's ghost misses you.
You hit Mitsuki's ghost but do no damage.
Mitsuki's ghost is lightly damaged.
Mitsuki's ghost hits you.
You die...

##################
#..@p...<..(......
#.e##....(........#
#..##..###..#####.
#..##..# #..#
#..##..# #e.#
#..##..# #(.#
#..##..# #(.#
#..##..# #e.#
#..##p.# #..#


You could see Dowan and Mitsuki's ghost.

Vanquished Creatures
  A big kobold (Sewer)
  Duvessa (D:4)
  A big fish (Sewer)
  An orc wizard (D:3)
  7 adders
  2 green rats (D:3)
  2 giant mites (D:3)
  2 worms
  2 grey rats (Sewer)
  An ooze (D:2)
  2 orcs (D:3)
  2 ball pythons (D:1)
  4 giant cockroaches
  3 goblins
  11 hobgoblins
  2 bats
  2 giant newts
  3 jackals (D:3)
  8 kobolds
  A quokka (D:2)
  15 rats
73 creatures vanquished.

Notes
Turn   | Place    | Note
--------------------------------------------------------------
     0 | D:1      | Mitsuki, the Spriggan Assassin, began the quest for the Orb.
     0 | D:1      | Reached XP level 1. HP: 10/10 MP: 2/2
    37 | D:1      | Reached skill level 6 in Stealth
   345 | D:1      | Reached XP level 2. HP: 12/14 MP: 4/4
   848 | D:2      | Reached skill level 7 in Stealth
   906 | D:2      | Reached XP level 3. HP: 16/18 MP: 6/6
  1293 | D:2      | Reached XP level 4. HP: 22/22 MP: 8/8
  1751 | D:3      | Reached skill level 8 in Stealth
  2141 | D:3      | Reached XP level 5. HP: 20/25 MP: 10/10
  2644 | D:3      | Found a glowing drain.
  2649 | Sewer    | Entered a sewer
  2887 | Sewer    | Reached skill level 5 in Throwing
  2887 | Sewer    | Reached skill level 9 in Stealth
  2887 | Sewer    | Reached XP level 6. HP: 22/30 MP: 12/12
  3022 | Sewer    | Found a white marble altar of Elyvilon.
  3473 | D:4      | Noticed Dowan
  3478 | D:4      | Noticed Duvessa
  3494 | D:4      | Noticed Mitsuki's ghost (average SpAs)
  3500 | D:4      | Noticed Blork the orc
  3507 | D:4      | Killed Duvessa
  3520 | D:4      | Slain by Mitsuki's ghost

Action                   |  1- 3 |  4- 6 || total
-------------------------+-------+-------++-------
Melee: Dagger            |    77 |    87 ||   164
 Fire: Blowgun           |    45 |    96 ||   141
  Use: Potion            |     6 |     2 ||     8
       Scroll            |       |     6 ||     6
 Stab: Sleeping          |     9 |     8 ||    17
